 Dungeon Crawl Stone Soup version 0.26-a0-200-g62faa89a7e (webtiles) character file.

Game seed: 2086925094833396101

6020 Gargoyl the Schismatic (level 10, -7/83 HPs)
             Began as a Centaur Abyssal Knight on July 5, 2020.
             Was an Elder of Lugonu.
             Mangled by Grum
             ... wielding a -1 spear
              (15 damage)
             ... on level 9 of the Dungeon.
             The game lasted 00:13:09 (10878 turns).

Gargoyl the Schismatic (Centaur Abyssal Knight)    Turns: 10878, Time: 00:13:10

Health: -7/83      AC: 14    Str: 16    XL:     10   Next: 56%
Magic:  15/15      EV:  0    Int: 11    God:    Lugonu [****..]
Gold:   694        SH:  0    Dex: 11    Spells: 9/9 levels left

rFire    + . .     SeeInvis .   y - +3 hand axe (vorpal)
rCold    + . .     Faith    .   (no shield)
rNeg     . . .     Spirit   .   e - +1 gold dragon scales
rPois    +         Reflect  .   (no helmet)
rElec    .         Harm     .   (no cloak)
rCorr    .                      (no gloves)
MR       +....                  (no barding)
Stlth    ..........             m - amulet of the acrobat
HPRegen  0.23/turn              w - ring of poison resistance
MPRegen  0.14/turn              D - ring of protection from magic

@: very quick
A: large, hooves 3, deformed body, speed 2, tough skin 3
a: Depart the Abyss, Bend Space, Banish, Corrupt, Renounce Religion


You were on level 9 of the Dungeon.
You worshipped Lugonu.
Lugonu was greatly pleased with you.
You were not hungry.

You visited 1 branch of the dungeon, and saw 9 of its levels.
You visited the Abyss 1 time.
You also visited: Ossuary.

You collected 694 gold pieces.

Inventory:

Hand Weapons
 a - a +3 hand axe
 y - a +3 vorpal hand axe (weapon)
Missiles
 i - 16 boomerangs (quivered)
Armour
 e - +1 gold dragon scales (worn)
Jewellery
 g - an uncursed ring of protection from cold
 m - an amulet of the acrobat (around neck)
 w - a ring of poison resistance (left hand)
 D - a ring of protection from magic (right hand)
Wands
 p - a wand of enslavement (7)
 q - a wand of iceblast (2)
 u - a wand of flame (30)
Scrolls
 b - a scroll of identify
 h - 2 scrolls of blinking
 o - 8 scrolls of remove curse
 v - 5 scrolls of teleportation
Potions
 d - 2 potions of flight
 f - 3 potions of magic
 j - 3 potions of invisibility
 l - 5 potions of brilliance
 n - a potion of haste
 r - 2 potions of cancellation
 s - 2 potions of heal wounds
 t - 3 potions of curing
 x - a potion of lignification
 z - 2 potions of berserk rage {unknown}
 B - a potion of stabbing {unknown}
 C - a potion of mutation {unknown}
Comestibles
 c - 16 rations


   Skills:
 + Level 5.7 Fighting
 + Level 7.1 Axes
 + Level 2.3 Throwing
 * Level 7.3 Armour
 * Level 4.5 Dodging
 * Level 7.6 Invocations
 + Level 0.5 Evocations


You had 9 spell levels left.
You didn't know any spells.
Your spell library contained the following spells:

 Spells                   Type           Power        Failure   Level  Hunger
 Gell's Gravitas          Tloc           #.........   100%        3    ####...
 Portal Projectile        Hex/Tloc       #.....       100%        3    ####...
 Dispersal                Tloc           #.........   100%        6    #######
 Controlled Blink         Tloc           N/A          100%        8    #######
 Disjunction              Tloc           #.........   100%        8    #######


Dungeon Overview and Level Annotations

Branches:
Dungeon (9/15)             Temple (0/1) D:5         Ossuary (visited)
   Lair: D:8-11         Orc: D:9-12

Altars:
Ashenzari
Dithmenos
Gozag
Okawaru
Ru
Trog
Xom
Yredelemnul

Annotations:
D:9 Grum
Abyss:1 Grinder


Innate Abilities, Weirdness & Mutations

You have hooves in place of feet.
Armour fits poorly on your strangely shaped body.
You cover ground very quickly.
You have extremely tough skin. (AC +3)


Message History

The wolf bites you but does no damage.
You hit the wolf. Your kick misses the wolf.
The wolf is severely wounded.
The wolf bites you.
* * * LOW HITPOINT WARNING * * *
Grum hits you from afar with a -1 spear.
* * * LOW HITPOINT WARNING * * *
You slash the wolf!
You kill the wolf!
Lugonu accepts your kill.
You can now corrupt the fabric of space.
Grum hits you from afar with a -1 spear.
* * * LOW HITPOINT WARNING * * *
You hit the wolf.
The wolf is lightly wounded.
The wolf bites you.
* * * LOW HITPOINT WARNING * * *
The wolf bites you but does no damage.
Grum hits you from afar with a -1 spear!
You die...

###'###### #.#### #....#
######.### ###
#........## ....
######........#. .....
##...............
.>....##..####..........
.....gh@.## #..........
......#### #..........
##### #..........
###.#####.. #.. #.. ##+#
###


You could see Grum and a wolf.

Vanquished Creatures
  A two-headed ogre (D:8)
  Erica (D:8)
  A deep elf mage (D:7)
  Psyche (D:8)
  A yaktaur (D:7)
  A hippogriff (D:9)
  4 yaks
  A hungry ghost (D:9)
  A black bear (D:7)
  4 ice beasts
  A phantom (D:4)
  2 wolves (D:9)
  2 centaurs
  5 ogres
  2 bullfrogs
  A water moccasin zombie (D:6)
  3 scorpions
  6 howler monkeys
  An electric eel (D:7)
  A centaur zombie (D:6)
  A jelly (D:6)
  2 orc priests
  A bullfrog skeleton (D:7)
  2 hounds (D:7)
  An orc wizard (D:5)
  Ijyb (D:3)
  4 worker ants
  An iguana (D:7)
  8 mummies (Ossuary)
  8 adders
  2 shadow imps (D:8)
  2 white imps (D:9)
  3 ufetubi
  An adder zombie (D:5)
  An adder skeleton (D:5)
  2 worms
  A dart slug (D:1)
  2 adder simulacra (D:9)
  2 leopard geckos
  23 orcs
  5 giant cockroaches
  8 hobgoblins
  9 jackals
  3 quokkas (D:3)
  2 ball pythons
  7 bats
  4 frilled lizards
  A gnoll zombie (Ossuary)
  9 goblins
  2 hobgoblin zombies (Ossuary)
  2 jackal skeletons
  6 kobolds
  3 kobold zombies (Ossuary)
  2 orc zombies (Ossuary)
  A quokka skeleton (D:7)
  11 rats
183 creatures vanquished.

Vanquished Creatures (others)
  4 electric eels (D:7)
  2 starspawn tentacles (Abyss:1)
6 creatures vanquished.

Grand Total: 189 creatures vanquished

Notes
Turn   | Place    | Note
-------+----------+-------------------------------------------
     0 | Abyss:1  | Gargoyl the Centaur Abyssal Knight began the quest for the
                  | Orb.
     0 | Abyss:1  | Reached XP level 1. HP: 19/19 MP: 2/2
   125 | Abyss:1  | Noticed a tentacled starspawn
   136 | Abyss:1  | Noticed a small abomination
   139 | Abyss:1  | Noticed a neqoxec
   225 | Abyss:2  | Noticed a black mamba skeleton
   225 | Abyss:2  | Noticed a large abomination
   229 | D:1      | Escaped the Abyss
   265 | D:1      | Reached * piety under Lugonu
   453 | D:1      | Reached XP level 2. HP: 26/26 MP: 3/3
   903 | D:1      | Reached skill level 1 in Dodging
  1338 | D:2      | Reached XP level 3. HP: 31/31 MP: 4/4
  1998 | D:2      | Reached XP level 4. HP: 19/39 MP: 5/5
  2207 | D:2      | Reached ** piety under Lugonu
  2601 | D:3      | Reached XP level 5. HP: 35/46 MP: 7/7
  2810 | D:3      | Noticed Ijyb
  2822 | D:3      | Killed Ijyb
  3091 | D:3      | Found a shattered altar of Ashenzari.
  3120 | D:3      | Found a shadowy altar of Dithmenos.
  3121 | D:3      | Found a bloodstained altar of Trog.
  3713 | D:4      | Found a sand-covered staircase.
  3722 | Ossuary  | Entered an ossuary
  3734 | Ossuary  | Reached *** piety under Lugonu
  3794 | Ossuary  | Reached XP level 6. HP: 15/52 MP: 8/8
  4291 | D:4      | Noticed Grinder
  4297 | D:4      | Banished Grinder
  4538 | D:4      | Reached XP level 7. HP: 46/59 MP: 9/9
  5141 | D:4      | Found an iron altar of Okawaru.
  5372 | D:5      | Entered Level 5 of the Dungeon
  5477 | D:5      | Found an opulent altar of Gozag.
  6142 | D:5      | Found a staircase to the Ecumenical Temple.
  6652 | D:6      | Reached skill level 1 in Throwing
  6652 | D:6      | Reached XP level 8. HP: 66/67 MP: 9/11
  6675 | D:6      | Found a sacrificial altar of Ru.
  7013 | D:6      | Found a bloodstained altar of Trog.
  7351 | D:6      | Reached skill level 5 in Axes
  7567 | D:7      | Reached skill level 5 in Armour
  7907 | D:7      | Found a basalt altar of Yredelemnul.
  7907 | D:7      | Found a shimmering altar of Xom.
  8184 | D:7      | Reached skill level 5 in Invocations
  8184 | D:7      | Reached XP level 9. HP: 57/73 MP: 12/12
  8335 | D:7      | Reached **** piety under Lugonu
  8369 | D:7      | Noticed a yaktaur
  8380 | D:7      | Noticed a deep elf mage
  8389 | D:7      | Killed a yaktaur
  8389 | D:7      | Reached skill level 5 in Fighting
  8415 | D:7      | Killed a deep elf mage
  9179 | D:8      | Noticed Erica
  9191 | D:8      | Killed Erica
  9260 | D:8      | Noticed Psyche
  9277 | D:8      | Killed Psyche
  9277 | D:8      | Reached XP level 10. HP: 53/81 MP: 15/15
 10024 | D:9      | Noticed a two-headed ogre
 10407 | D:8      | Killed a two-headed ogre
 10866 | D:9      | Noticed Grum
 10878 | D:9      | Mangled by Grum

Illustrated notes

Levels and vault maps discovered:
D:1:      lightli_arrival_statue_moat, layout_loops_ring, minivault_5
D:2:      layout_basic
D:3:      layout_rooms, nicolae_overflow_hidden_temple, uniq_ijyb
D:4:      layout_layer_cave, kennysheep_mini_moat,
          lightli_ossuary_entry_decrepit_ruins, uniq_grinder
D:5:      layout_loops_corners, grunt_gozag_breadcrumbs, temple_doors_cd,
          first_ration
D:6:      layout_basic, lemuel_crystal_altar, trog_three_pillars_becter
D:7:      kennysheep_big_flooded_room, layout_rooms,
          amethyst_overflow_temple_binary, grunt_ogre_cave
D:8:      layout_cave_pools, uniq_erica, uniq_psyche
D:9:      layout_roguey, lair_entry_dummy, serial_ice, serial_ice_c,
          serial_ice_f, serial_ice_a, serial_ice_h, serial_ice_m, serial_ice_j,
          uniq_grum

Skill      XL: |  1  2  3  4  5  6  7  8  9 10 |
---------------+-------------------------------+-----
Axes           | 2 3 4 5 6 7 |  7.1
Dodging        | 1 2 3 4 |  4.5
Armour         | 2 3 4 5 6 7 |  7.3
Invocations    | 3 4 5 7 |  7.6
Fighting       | 4 5 |  5.7
Throwing       | 1 2 |  2.3
Evocations     | |  0.5

Action                   |  1- 3 |  4- 6 |  7- 9 | 10-12 || total
-------------------------+-------+-------+-------+-------++-------
Melee: Hand axe          |   135 |   167 |   273 |   133 ||   708
       Kick              |    24 |    29 |    78 |    33 ||   164
Throw: Boomerang         |       |    12 |    21 |     4 ||    37
Invok: Depart the Abyss  |     1 |       |       |       ||     1
       Banish            |       |     1 |     4 |       ||     5
Evoke: Wand              |       |       |     1 |     7 ||     8
  Use: Potion            |     1 |       |     3 |       ||     4
       Scroll            |     7 |     5 |    12 |       ||    24
 Stab: Invisible         |       |       |     5 |       ||     5
  Eat: Chunk             |     2 |     5 |    11 |     9 ||    27
       Ration            |       |     1 |     1 |     1 ||     3
Armor: Gold dragon scale |   128 |   203 |   196 |    96 ||   623
Dodge: Dodged            |    19 |    24 |    32 |     6 ||    81

Table legend:
 A = Non-vault XP
 B = Vault XP
 C = Vault XP percentage of total XP
 D = Non-vault monster count
 E = Vault monster count
 F = Vault count percentage of total count
                 A         B        C        D         E       F
            +---------+---------+-------+---------+---------+-------
      Total |    4612 |    3988 |  46.4 |     153 |      35 |  18.6
            +---------+---------+-------+---------+---------+-------
        D:1 |      34 |       0 |   0.0 |      22 |       0 |   0.0
        D:2 |      90 |       0 |   0.0 |      23 |       0 |   0.0
        D:3 |     117 |      38 |  24.5 |      34 |       1 |   2.9
        D:4 |     224 |     258 |  53.5 |      11 |       1 |   8.3
        D:5 |     427 |       0 |   0.0 |      14 |       0 |   0.0
        D:6 |     702 |       0 |   0.0 |      12 |       0 |   0.0
        D:7 |    1276 |    1015 |  44.3 |      21 |       3 |  12.5
        D:8 |    1124 |    1516 |  57.4 |       8 |       3 |  27.3
        D:9 |     618 |    1013 |  62.1 |       8 |      11 |  57.9
    Ossuary |       0 |     148 | 100.0 |       0 |      16 | 100.0
            +---------+---------+-------+---------+---------+-------
